 Dungeon Crawl Stone Soup version 0.27-a0-1006-g1fd4cec11e (webtiles) character file.

Game seed: 18366777692249844376

1 spiderkeys the Skirmisher (level 1, 0/18 HPs)
             Began as a Demonspawn Abyssal Knight on Apr 17, 2021.
             Was an Initiate of Lugonu.
             Frozen to death by an endoplasm (3 damage)
             ... on level 1 of the Dungeon.
             The game lasted 00:00:54 (155 turns).

spiderkeys the Skirmisher (DsAK)                     Turns: 155, Time: 00:00:55

Health: 0/18       AC:  6    Str: 12    XL:     1   Next: 16%
Magic:  2/2        EV:  9    Int: 13    God:    Lugonu [......]
Gold:   88         SH:  0    Dex: 12    Spells: 0/0 levels left

rFire    . . .     SeeInvis .   d - +0 trident
rCold    . . .     Faith    .   (no shield)
rNeg     . . .     Spirit   .   e - +0 scale mail
rPois    .         Reflect  .   (no helmet)
rElec    .         Harm     .   (no cloak)
rCorr    .         Rampage  .   (no gloves)
Will     .....                  (no boots)
Stlth    ..........             (no amulet)
HPRegen  0.06/turn              (no ring)
MPRegen  0.08/turn              (no ring)

@: no status effects
A: no striking features
a: Renounce Religion


You were on level 1 of the Dungeon.
You worshipped Lugonu.
Lugonu was noncommittal.
You visited 1 branch of the dungeon, and saw 1 of its levels.
You visited the Abyss 1 time.

You collected 88 gold pieces.


   Skills:
 + Level 3.0 Fighting
 + Level 1.8 Polearms
 + Level 1.8 Armour
 + Level 0.9 Dodging
 + Level 2.4 Invocations


You couldn't memorise any spells.
You didn't know any spells.
Your spell library was empty.

Inventory:

Hand Weapons
 a - a +1 spear
 d - a +0 trident (weapon)
   (You found it on level 2 of the Abyss)
Armour
 b - a +0 leather armour
 e - a +0 scale mail (worn)
   (You found it on level 2 of the Abyss)
Jewellery
 C - a ring of ice
   (You found it on level 2 of the Abyss)
Potions
 c - a potion of haste {unknown}

Dungeon Overview and Level Annotations

Branches:
Dungeon (1/15)

Altars:

#..# #..# #. #... .
####..# .
##########.....##.#
#...............#.#
#.#########......#
##............#@J##
..............#...#
.......<.........#.#
................## #
................#
.#.#########..[..#
#..............#...
####>#.........##!#
.....#####.#..###


You could see an endoplasm.


Message History

There is a gateway leading deeper into the Abyss here.
There is a gateway leading deeper into the Abyss here.
You plunge deeper into the Abyss.
Found 34 gold pieces.
Found a gateway leading out of the Abyss.
You now have 34 gold pieces.
C - a ring of ice You now have 43 gold pieces (gained 9).
You now have 75 gold pieces (gained 32).
You see here a +0 longbow.
You see here a +0 trident.
d - a +0 trident The sky beast flickers out of sight!
Deactivating autopickup; reactivate with Ctrl-A.
You see here a +0 scale mail.
e - a +0 scale mail A sky beast appears from thin air!
Reactivating autopickup.
You see here 13 gold pieces.
You now have 88 gold pieces (gained 13).
The sky beast barely misses you. The sky beast barely misses you.
A thrashing horror comes into view.
The sky beast flickers out of sight!
Deactivating autopickup; reactivate with Ctrl-A.
You pass through the gate.
Reactivating autopickup.
You can no longer depart the Abyss at will.
Found a robe.
Found a stone staircase leading down.
There is a staircase leading out of the dungeon here. 😎 MP[-1]
You lost 1 mp, and now have 1/2 mp.
d - a +0 trident (weapon)
A hobgoblin comes into view. 😎 MP[+1]
Your mp is fully restored (2).
You start removing your armour.
You continue taking off your +0 leather armour. x4
You finish taking off your +0 leather armour.
You start putting on your armour.
You continue putting on your +0 scale mail.
The hobgoblin hits you.
Keep equipping yourself? [Y]es or [N]o only, please.
Keep equipping yourself? [Y]es or [N]o only, please.
Keep equipping yourself? [Y]es or [N]o only, please.
Keep equipping yourself? [Y]es or [N]o only, please.
Keep equipping yourself?
You continue putting on your +0 scale mail.
The hobgoblin closely misses you.
You continue putting on your +0 scale mail.
The hobgoblin closely misses you.
You continue putting on your +0 scale mail.
The hobgoblin barely misses you.
You continue putting on your +0 scale mail.
The hobgoblin closely misses you.
You finish putting on your +0 scale mail. 😮 HP[-5]
You take 5 damage, and now have 13/18 hp.
MASSIVE DAMAGE!! (PAUSE)
Your scale mail prevents you from hitting the hobgoblin.
The hobgoblin closely misses you.
You hit the hobgoblin but do no damage.
The hobgoblin hits you but does no damage.
You closely miss the hobgoblin.
The hobgoblin hits you but does no damage. x2
You barely miss the hobgoblin. The hobgoblin closely misses you.
You hit the hobgoblin but do no damage.
The hobgoblin hits you but does no damage.
You barely miss the hobgoblin. The hobgoblin closely misses you.
You hit the hobgoblin. The hobgoblin hits you.
* * * LOW HITPOINT WARNING * * *
😨 HP[-4]
You take 4 damage, and now have 9/18 hp.
MASSIVE DAMAGE!! (PAUSE)
You completely miss the hobgoblin. The hobgoblin hits you.
* * * LOW HITPOINT WARNING * * *
The hobgoblin hits you but does no damage. 😨 HP[-3]
You take 3 damage, and now have 6/18 hp.
You hit the hobgoblin.
You kill the hobgoblin!
Lugonu accepts your kill.
An endoplasm comes into view.
The endoplasm quivers.
You see here a +0 pair of gloves.
You are too injured to fight recklessly!
You hit the endoplasm. The endoplasm freezes you.
You are frozen.
* * * LOW HITPOINT WARNING * * *
😱 HP[-3]
You take 3 damage, and now have 3/18 hp.
You hit the endoplasm but do no damage. The endoplasm freezes you.
You are frozen.
You die...

Action                   || total
-------------------------++-------
Melee: Trident           ||    11
Invok: Depart the Abyss  ||     1
Armor: Scale mail        ||     5
Dodge: Dodged            ||     9

Levels and vault maps discovered:
D:1:      minmay_arrival_semitransparent, layout_loops_ring,
          hangedman_decor_clover_reticule, minmay_ruptured

Notes
Turn   | Place    | Note
-------+----------+-------------------------------------------
     0 | Abyss:1  | spiderkeys the Demonspawn Abyssal Knight began the quest
                  | for the Orb.
     0 | Abyss:1  | Reached XP level 1. HP: 18/18 MP: 2/2
     0 | Abyss:1  | magus.rc [v1.9.10]
    71 | Abyss:2  | Noticed a sky beast
   110 | Abyss:2  | Noticed a thrashing horror
   112 | D:1      | You pass through the gate.
   112 | D:1      | Escaped the Abyss
   154 | D:1      | HP: 3/18 [frozen (3)]
   155 | D:1      | Frozen to death by an endoplasm

Vanquished Creatures
  A hobgoblin (D:1)
1 creature vanquished.

Table legend:
 A = Non-vault XP
 B = Vault XP
 C = Vault XP percentage of total XP
 D = Non-vault monster count
 E = Vault monster count
 F = Vault count percentage of total count
                 A         B        C        D         E       F
            +---------+---------+-------+---------+---------+-------
      Total |       0 |       2 | 100.0 |       0 |       1 | 100.0
            +---------+---------+-------+---------+---------+-------
        D:1 |       0 |       2 | 100.0 |       0 |       1 | 100.0
            +---------+---------+-------+---------+---------+-------

Illustrated notes

Table legend:
 A = Kills in this place as a percentage of kills in entire the game.
 B = Kills by you in this place as a percentage of kills by you in the entire game.
 C = Kills by friends in this place as a percentage of kills by friends in the entire game.
 D = Other kills in this place as a percentage of other kills in the entire game.
 E = Experience gained in this place as a percentage of experience gained in the entire game.
 F = Experience gained in this place divided by the number of levels of this place that you have seen.
                   A       B       C       D       E      F
               +-------+-------+-------+-------+-------+----------------------
         Total | 100.0 | 100.0 |   N/A |   N/A | 100.0 |   0.7
       Dungeon | 100.0 | 100.0 |   N/A |   N/A | 100.0 |   2.0
               +-------+-------+-------+-------+-------+----------------------

Table legend: (Time is in decaauts)
 A = Elapsed time spent in this place.
 B = Non-inter-level travel time spent in this place.
 C = Inter-level travel time spent in this place.
 D = Time resting spent in this place.
 E = Time spent auto-exploring this place.
 F = Levels seen in this place.
 G = Mean time per level.
                   A        B        C        D        E       F      G
               +--------+--------+--------+--------+--------+-----+--------+
         Total |    156 |    156 |      0 |      0 |     49 |   3 |   52.0 |
       Dungeon |     44 |     44 |      0 |      0 |     16 |   1 |   44.0 |
         Abyss |    111 |    111 |      0 |      0 |     33 |   2 |   55.5 |
               +--------+--------+--------+--------+--------+-----+--------+

Top non-repeatable levels by time:
 Abyss:2: 66 daAuts
 Abyss:1: 45 daAuts
     D:1: 44 daAuts
